 Dungeon Crawl Stone Soup version 0.18-a0-1285-g60d00e1 (webtiles) character file.

145 Ijustatesigmund the Skirmisher (level 5, -3/43 HPs)
             Began as a Demonspawn Fighter on Feb 8, 2016.
             Killed from afar by Sigmund (8 damage)
             ... with a puff of flame
             ... on level 2 of the Dungeon.
             The game lasted 00:04:22 (2077 turns).

Ijustatesigmund the Skirmisher (Demonspawn Fighter) Turns: 2077, Time: 00:04:22

Health: -3/43      AC:  6    Str: 16    XL:     5   Next: 6%
Magic:  5/5        EV:  6    Int:  9    God:
Gold:   68         SH:  9    Dex: 14    Spells: 0 memorised, 4 levels left

rFire  . . .     SeeInvis .     a - +0 flail
rCold  . . .     Gourm    .     b - +0 scale mail
rNeg   . . .     Faith    .     c - +1 shield
rPois  .         Spirit   .     (helmet restricted)
rElec  .         Dismiss  .     (no cloak)
rCorr  .         Reflect  .     (no gloves)
SustAt .         Harm     .     (no boots)
MR     .....                    (no amulet)
Stlth  ..........               (no ring)
                                (no ring)

@: very slightly contaminated, invisible, not resistant to hostile enchantments,
extremely unstealthy
A: antennae 1
a: no special abilities


You were on level 2 of the Dungeon.
You were not hungry.

You visited 1 branch of the dungeon, and saw 2 of its levels.

You collected 68 gold pieces.

Inventory:

Hand Weapons
 a - a +0 flail (weapon)
Armour
 b - a +0 scale mail (worn)
 c - a +1 shield (worn)
Jewellery
 g - an uncursed ring of poison resistance {unknown}
Scrolls
 h - a scroll of enchant armour
Potions
 d - 2 potions of might
 i - 2 potions of brilliance {unknown}
 j - a potion of lignification
 l - a potion of invisibility
 m - 2 potions of agility {unknown}
 n - a potion of degeneration {unknown}
Books
 e - a book of Cantrips

   Spells                             Type                      Level
   a - Corona                         Hexes                        1
   b - Animate Skeleton               Necromancy                   1
   c - Summon Small Mammal            Summoning                    1
   d - Apportation                    Translocation                1
 o - a book of Conjurations

   Spells                             Type                      Level
   a - Magic Dart                     Conjuration                  1
   b - Searing Ray                    Conjuration                  2
   c - Dazzling Spray                 Conjuration/Hexes            3
   d - Fulminant Prism                Conjuration/Hexes            4
   e - Iskenderun's Mystic Blast      Conjuration                  4
   f - Iskenderun's Battlesphere      Conjuration/Charms           5
Comestibles
 f - 2 bread rations
 k - 2 meat rations


   Skills:
 + Level 4.3 Fighting
 * Level 3.8 Maces & Flails
 - Level 2.6 Armour
 - Level 2.6 Shields


You had 4 spell levels left.
You didn't know any spells.

Dungeon Overview and Level Annotations

Branches:
Dungeon (2/15)

Altars:

Annotations:
D:2 Sigmund


Innate Abilities, Weirdness & Mutations

You have a pair of small antennae on your head.


Message History

Sigmund is heavily wounded.
Sigmund hits you with a scythe of freezing!
Sigmund freezes you.
* * * LOW HITPOINT WARNING * * *
You are too injured to fight recklessly!
You are too injured to fight recklessly!
You are too injured to fight recklessly!
Drink which item? (? for menu, Esc to quit)
It was a potion of invisibility.
You fade into invisibility!
Sigmund hits you with a scythe of freezing.
* * * LOW HITPOINT WARNING * * *
Sigmund freezes you.
* * * LOW HITPOINT WARNING * * *
You are very lightly contaminated with residual magic.
You sock Sigmund!
Sigmund is almost dead.
Sigmund points at you and mumbles some strange words.
The puff of flame hits you!
You die...

#.# #.# #########.#
#.........# #.#######.#
#.........#
#####..######.########
...)......###.#..@!..#
.####).##.....†.@....#
,*
#..[........###..#*****
,* ##<#..##....#
*,,...,,* ,*
####+###.#.# **,**#*,*
,*
*,{,,,#.#.#***,****,****
,*
*,,,,,#.#..,,,,*,,,,,,,*
,*
*,,_,,#+####****,**,**,*
** *,,,,,*,,** *,**,**,*
* *******,,,** *,,,,**,*


You could see Sigmund.

Vanquished Creatures
  Jessica (D:2)
  Natasha (D:2)
  Robin (D:2)
  A gnoll (D:1)
  An adder (D:2)
  A worm (D:2)
  2 ball pythons (D:1)
  3 giant cockroaches
  10 goblins
  9 hobgoblins
  6 jackals (D:1)
  A quokka (D:2)
  7 bats
  9 kobolds
  7 rats
60 creatures vanquished.

Notes
Turn   | Place    | Note
--------------------------------------------------------------
     0 | D:1      | Ijustatesigmund the Demonspawn Fighter began the quest for the Orb.
     0 | D:1      | Reached XP level 1. HP: 18/18 MP: 1/1
   146 | D:1      | Gained mutation: You have a pair of small antennae on your head. [demonic ancestry]
   146 | D:1      | Reached XP level 2. HP: 18/24 MP: 2/2
   475 | D:1      | Reached XP level 3. HP: 26/29 MP: 3/3
  1092 | D:2      | Noticed Robin
  1102 | D:2      | Killed Robin
  1109 | D:2      | Reached skill level 4 in Fighting
  1205 | D:2      | Reached XP level 4. HP: 35/37 MP: 4/4
  1595 | D:2      | Noticed Natasha
  1595 | D:2      | Noticed Jessica
  1604 | D:2      | Killed Natasha
  1610 | D:2      | Killed Jessica
  1678 | D:2      | Reached XP level 5. HP: 23/43 MP: 5/5
  2066 | D:2      | Noticed Sigmund
  2077 | D:2      | Killed from afar by Sigmund

Vault maps used:
D:1:      mrwooster_arrival_statue
D:2:      nicolae_overflow_crystal_walls, cheibriados_altar_wand_db,
          uniq_natasha, uniq_robin, uniq_jessica, uniq_sigmund

Action                   |  1- 3 |  4- 6 || total
-------------------------+-------+-------++-------
Melee: Flail             |   154 |    82 ||   236
  Use: Scroll            |     5 |     2 ||     7
       Potion            |       |     2 ||     2
  Eat: Chunk             |     1 |     3 ||     4
